 Dungeon Crawl Stone Soup version 0.24.1-14-gf8d2b509d9 (console) character file.

Game seed: 5124685834604291911, levelgen mode: deterministic

103699 Kagalorn the Fighter (level 16, -2/133 HPs)
             Began as a Gnoll Wanderer on Mar 12, 2021.
             Was the Champion of Okawaru.
             Slain by Rupert
             ... wielding a +1 great mace of venom
              (20 damage)
             ... on level 2 of the Orcish Mines.
             The game lasted 01:08:02 (33268 turns).

Kagalorn the Fighter (Gnoll Wanderer)              Turns: 33268, Time: 01:08:04

Health: -2/133     AC: 32    Str: 22    XL:     16   Next: 36%
Magic:  24/30      EV: 13    Int: 14    God:    Okawaru [******]
Gold:   2642       SH: 22    Dex: 15    Spells: 36/36 levels left

rFire    + . .     SeeInvis .   b - +4 broad axe
rCold    . . .     Gourm    .   M - +2 large shield {AC+3}
rNeg     . . .     Faith    +   h - +3 plate armour {MR+}
rPois    +         Spirit   .   (no helmet)
rElec    .         Reflect  .   e - +1 cloak {rPois}
rCorr    .         Harm     .   N - +2 pair of gloves
MR       ++...                  V - +0 pair of boots
Stlth    ++........             g - amulet of faith
HPRegen  0.32/turn              I - +2 ring of protection
MPRegen  0.22/turn              v - ring of protection from fire

@: heroism, finesse, drained
A: distributed training, fangs 1, strong nose
a: Heroism, Finesse, Renounce Religion


You were on level 2 of the Orcish Mines.
You worshipped Okawaru.
Okawaru was exalted by your worship.
You were not hungry.

You visited 4 branches of the dungeon, and saw 24 of its levels.
You also visited: Ossuary.

You collected 2642 gold pieces.

Inventory:

Hand Weapons
 a - a +3 short sword of electrocution
 b - a +4 broad axe (weapon)
Missiles
 d - 6 silver javelins (quivered)
 s - a throwing net
 H - 173 bolts
 P - 13 javelins
Armour
 e - a +1 cloak of poison resistance (worn)
 h - a +3 plate armour of magic resistance (worn)
 F - a scarf of cloud immunity
 M - a +2 large shield of protection (worn)
 N - a +2 pair of gloves (worn)
 V - a +0 pair of boots (worn)
Jewellery
 g - an amulet of faith (around neck)
 v - a ring of protection from fire (right hand)
 I - a +2 ring of protection (left hand)
 K - an uncursed ring of protection from fire
 T - an uncursed ring of ice
 Z - an uncursed ring of resist corrosion
Wands
 k - a wand of paralysis (7)
 q - a wand of polymorph (11)
 u - a wand of scattershot (4)
 D - a wand of acid (38)
 S - a wand of iceblast (29)
 U - a wand of digging (16)
Scrolls
 j - 5 scrolls of magic mapping
 n - 15 scrolls of teleportation
 o - 3 scrolls of blinking
 p - 9 scrolls of amnesia
 t - 10 scrolls of remove curse
 y - 5 scrolls of enchant armour
 G - a scroll of vulnerability
 L - 3 scrolls of identify
 O - a scroll of fear
 Y - 3 scrolls of fog
Potions
 c - 10 potions of lignification
 i - a potion of agility
 l - 2 potions of berserk rage
 m - 7 potions of heal wounds
 r - 2 potions of haste
 w - 6 potions of might
 x - 5 potions of resistance
 z - 4 potions of invisibility
 A - 10 potions of curing
 C - 4 potions of cancellation
 J - 4 potions of flight
 Q - 3 potions of mutation
 W - a potion of brilliance
 X - 4 potions of magic
Comestibles
 f - 26 rations


   Skills:
 + Level 14.1(17.6) Fighting
 + Level 10.6(14.1) Short Blades
 + Level 10.6(14.1) Long Blades
 + Level 10.6(14.1) Axes
 + Level 10.6(14.1) Maces & Flails
 + Level 10.6(14.1) Polearms
 + Level 10.6(14.1) Staves
 + Level 10.6(14.1) Slings
 + Level 10.6(14.1) Bows
 + Level 10.6(14.1) Crossbows
 + Level 10.9(14.4) Throwing
 + Level 10.6(14.1) Armour
 + Level 10.9(14.4) Dodging
 + Level 11.3(14.8) Stealth
 + Level 10.9(14.4) Shields
 + Level 10.6(14.1) Unarmed Combat
 + Level 10.6(9.3) Spellcasting
 + Level 9.0(7.7) Conjurations
 + Level 9.0(7.7) Hexes
 + Level 9.0(7.7) Charms
 + Level 9.0(7.7) Summonings
 + Level 9.0(7.7) Necromancy
 + Level 9.0(7.7) Translocations
 + Level 9.0(7.7) Transmutations
 + Level 9.0(7.7) Fire Magic
 + Level 9.0(7.7) Ice Magic
 + Level 9.0(7.7) Air Magic
 + Level 9.0(7.7) Earth Magic
 + Level 9.0(7.7) Poison Magic
 + Level 11.4(10.1) Invocations
 + Level 10.6(9.3) Evocations


You had 36 spell levels left.
You didn't know any spells.
Your spell library contained the following spells:

 Spells                   Type           Power        Failure   Level  Hunger
 Apportation              Tloc           ####..       19%         1    None
 Corona                   Hex            ####...      19%         1    None
 Flame Tongue             Conj/Fire      ####.        19%         1    None
 Infusion                 Chrm           ####         19%         1    None
 Magic Dart               Conj           ####         19%         1    None
 Summon Butterflies       Summ           ####....     19%         1    None
 Ensorcelled Hibernation  Hex/Ice        ####..       26%         2    None
 Passwall                 Tmut/Erth      ####....     26%         2    None
 Poisonous Vapours        Pois/Air       ####..       26%         2    None
 Searing Ray              Conj           ####..       26%         2    None
 Shroud of Golubria       Chrm/Tloc      ####..       26%         2    None
 Song of Slaying          Chrm           ####....     26%         2    None
 Sublimation of Blood     Necr           ####......   26%         2    None
 Swiftness                Chrm/Air       ####....     26%         2    None
 Throw Flame              Conj/Fire      ####..       26%         2    None
 Confuse                  Hex            ####....     47%         3    #......
 Conjure Flame            Conj/Fire      ####....     47%         3    #......
 Dazzling Spray           Conj/Hex       ####..       47%         3    #......
 Ignite Poison            Fire/Tmut/Pois ####....     47%         3    #......
 Inner Flame              Hex/Fire       ####....     47%         3    #......
 Lesser Beckoning         Tloc           ####......   47%         3    #......
 Mephitic Cloud           Conj/Pois/Air  ####....     47%         3    #......
 Regeneration             Chrm/Necr      ####......   47%         3    #......
 Spectral Weapon          Hex/Chrm       ####....     47%         3    #......
 Tukima's Dance           Hex            ####....     47%         3    #......
 Force Lance              Conj/Tloc      ####....     87%         4    ###....
 Fulminant Prism          Conj/Hex       ####......   87%         4    ###....
 Ice Form                 Ice/Tmut       ####....     87%         4    ###....
 Iskenderun's Mystic Bla  Conj           ####....     87%         4    ###....
 Passage of Golubria      Tloc           N/A          87%         4    ###....
 Petrify                  Tmut/Erth      ####....     87%         4    ###....
 Sticky Flame             Conj/Fire      ####....     87%         4    ###....
 Alistair's Intoxication  Tmut/Pois      ####....     99%         5    #####..
 Fireball                 Conj/Fire      ####......   99%         5    #####..
 Irradiate                Conj/Tmut      ####......   99%         5    #####..
 Lee's Rapid Deconstruct  Erth           ####......   99%         5    #####..
 Metabolic Englaciation   Hex/Ice        ####......   99%         5    #####..
 Bolt of Cold             Conj/Ice       ####......   100%        6    ######.
 Darkness                 Hex            ####......   100%        6    ######.
 Freezing Cloud           Conj/Ice/Air   ####......   100%        6    ######.
 Invisibility             Hex            ####....     100%        6    ######.
 Ozocubu's Refrigeration  Ice            ####......   100%        6    ######.
 Simulacrum               Ice/Necr       ####......   100%        6    ######.
 Ring of Flames           Chrm/Fire      ####......   100%        7    #######


Dungeon Overview and Level Annotations

Branches:
Dungeon (15/15)            Temple (1/1) D:6            Lair (6/6) D:8
  Swamp (0/4) Lair:4       Spider (0/4) Lair:2        Slime (0/5) Lair:5
    Orc (2/2) D:9          Vaults (0/5) D:13         Depths (0/5) D:15
Ossuary (visited)
    Elf: Orc:2

Altars:
Ashenzari
Cheibriados
Dithmenos
Elyvilon
Fedhas
Gozag
Hepliaklqana
Kikubaaqudgha
Makhleb
Nemelex Xobeh
Okawaru
Qazlal
Ru
Sif Muna
Trog
Uskayaw
Vehumet
Wu Jian
Xom
Yredelemnul
Zin
The Shining One
Beogh

Shops:
D:7 (   D:9 (   Orc:1 %   Orc:2 !*

Annotations:
Orc:2 Rupert


Innate Abilities, Weirdness & Mutations

Your experience applies equally to all skills.
You have very sharp teeth.
Your uncanny sense of smell can sniff out nearby items.


Message History

You block the ogre's attack. You block the orc priest's attack.
You block Rupert's attack.
Press: ? - help, v - describe, . - travel
Here: Rupert, wielding a +1 great mace of venom and wearing a +0 scale mail of magic resistance (severely wounded, berserk, fast, unusually strong)
The floor, spattered with blood.
You slash Rupert! You bite Rupert, but do no damage.
Rupert is severely wounded.
Your plate armour prevents you from hitting the orc knight.
You closely miss the orc priest. You barely miss the ogre.
You block the orc's attack.
The orc wizard gestures wildly while chanting.
The orc wizard seems to speed up.
You slash Rupert! Your bite misses Rupert.
Rupert is almost dead.
You hit the orc knight. You slice the orc priest!!
You kill the orc priest!
Okawaru accepts your kill.
You barely miss the ogre. The orc knight closely misses you.
Rupert hits you with a +1 great mace of venom!!
You die...

....##...))........#
.........).........#
.......#....[[.....####
.[...........#......#.##
.........∩..[)##...<...##
#...)...o..#.##.........##
..........######.........#
#.#.........##.###o......#
###....[..[o).)o@@o...####
.).....##...)...)O.....#
.)....####.............##
.....#.##...............#
.....#####........####.##
..#### ####.....## ### .##
#......# .# ###....# ##
###.##


You could see Rupert (berserk), an orc knight, an ogre, an orc wizard and 2
orcs.

Vanquished Creatures
  Saint Roka (Orc:2)
  Jorgrun (D:9)
  An orc warlord (Orc:2)
  An ettin (D:13)
  A yaktaur captain (D:14)
  An ogre mage (D:15)
  Fannar (Lair:2)
  Harold (Lair:1)
  A vault guard (D:13)
  8 hydras
  A catoblepas (D:10)
  5 two-headed ogres
  4 centaur warriors
  A death knight (D:15)
  A queen ant (Lair:3)
  2 orc high priests (Orc:2)
  Nergalle (Lair:4)
  A death drake (shapeshifter) (D:15)
  A fire crab (Lair:6)
  An unseen horror (D:13)
  5 wizards
  A deep elf archer (D:15)
  A necromancer (D:13)
  5 orc knights
  2 deep elf magi
  6 orc sorcerers
  2 cyclopes (D:10)
  5 ugly things
  A manticore (D:13)
  A moth of wrath (shapeshifter) (D:11)
  6 black mambas
  2 naga magi (D:15)
  Maurice (Orc:2)
  7 elephants
  2 gargoyles
  4 centaur zombies
  3 molten gargoyles (Lair:4)
  Psyche (D:10)
  A torpor snail (Lair:5)
  3 centaur skeletons
  20 spiny frogs
  2 yaktaurs (D:11)
  A yaktaur (shapeshifter) (D:15)
  3 rime drakes
  3 kobold demonologists (D:13)
  A freezing wraith (D:13)
  The ghost of NeAGen181 the Caller, a novice TeSu of Zin (D:5)
  8 komodo dragons
  A jumping spider (Lair:2)
  3 meliai
  6 trolls
  5 tyrant leeches
  2 polar bears
  9 slime creatures
  33 blink frogs
  Prince Ribbit (D:5)
  A blink frog (shapeshifter) (D:13)
  2 meliai zombies (D:13)
  5 hippogriffs
  2 shadows
  2 centaur simulacra (D:15)
  Eustachio (D:6)
  3 wyverns
  2 wraiths
  2 hungry ghosts
  37 yaks
  7 basilisks
  19 humans (D:13)
  Grum (D:8)
  The ghost of Peloso the Skirmisher, an amateur DsFi (D:3)
  9 vampire mosquitoes
  6 wargs
  3 soldier ants (Lair:3)
  5 swamp worms
  21 water moccasins
  5 sky beasts
  9 porcupines
  2 ice beasts
  2 phantoms
  13 ogres
  26 orc warriors
  4 black bears
  12 wolves
  A centaur (shapeshifter) (D:14)
  16 centaurs
  16 crocodiles
  3 big kobolds
  25 bullfrogs
  A wyvern zombie (D:6)
  A wyvern skeleton (D:10)
  4 scorpions
  8 wights
  5 killer bees (D:13)
  3 electric eels
  4 crimson imps
  2 bullfrog zombies (D:12)
  A lava snake (Lair:1)
  4 hounds
  25 orc priests
  3 jellies
  Jessica (D:2)
  3 bullfrog skeletons
  8 iguanas
  27 orc wizards
  30 worker ants
  Natasha (thrice) (D:2)
  A killer bee zombie (D:8)
  A big kobold zombie (Ossuary)
  A hound zombie (D:6)
  A hound skeleton (D:4)
  8 mummies (Ossuary)
  A worker ant zombie (D:5)
  11 gnolls
  13 adders
  3 shadow imps
  2 oozes (D:1)
  An adder zombie (D:7)
  3 worms
  A dart slug (D:5)
  5 leopard geckos
  74 orcs
  4 ball pythons
  8 bats
  2 giant cockroaches
  7 goblins
  11 hobgoblins
  10 jackals
  2 quokkas
  2 frilled lizards (D:3)
  2 gnoll zombies (Ossuary)
  2 hobgoblin zombies (Ossuary)
  A jackal zombie (D:8)
  15 kobolds
  2 kobold zombies (Ossuary)
  A leopard gecko zombie (D:7)
  An orc zombie (Ossuary)
  8 rats
793 creatures vanquished.

Vanquished Creatures (others)
  An unseen horror (D:14)
  A vampire mosquito (Lair:6)
  An orc (Orc:2)
  A bush (Lair:6)
  19 fungi
  42 plants
65 creatures vanquished.

Grand Total: 858 creatures vanquished

Notes
Turn   | Place    | Note
-------+----------+-------------------------------------------
     0 | D:1      | Reached skill level 10 in Fighting
     0 | D:1      | Kagalorn the Gnoll Wanderer began the quest for the Orb.
     0 | D:1      | Kagalorn set off with the following items: a +0 spear, a +0
                  | shield, a potion of lignification, a +0 robe, a +0 dagger,
                  | a ration
     0 | D:1      | Reached XP level 1. HP: 28/28 MP: 1/1
    41 | D:1      | Reached XP level 2. HP: 11/36 MP: 2/2
   442 | D:1      | Reached XP level 3. HP: 42/42 MP: 3/3
   802 | D:2      | Found a burning altar of Makhleb.
   859 | D:2      | Reached skill level 1 in Invocations
  1021 | D:2      | Reached skill level 1 in Short Blades
  1021 | D:2      | Reached skill level 1 in Long Blades
  1021 | D:2      | Reached skill level 1 in Axes
  1021 | D:2      | Reached skill level 1 in Maces & Flails
  1021 | D:2      | Reached skill level 1 in Polearms
  1021 | D:2      | Reached skill level 1 in Staves
  1021 | D:2      | Reached skill level 1 in Slings
  1021 | D:2      | Reached skill level 1 in Bows
  1021 | D:2      | Reached skill level 1 in Crossbows
  1021 | D:2      | Reached skill level 1 in Armour
  1021 | D:2      | Reached skill level 1 in Unarmed Combat
  1021 | D:2      | Reached skill level 1 in Spellcasting
  1021 | D:2      | Reached skill level 1 in Evocations
  1057 | D:2      | Reached XP level 4. HP: 48/48 MP: 5/5
  1089 | D:2      | Noticed Natasha
  1101 | D:2      | Killed Natasha
  1157 | D:2      | Noticed Natasha
  1208 | D:2      | Killed Natasha
  1208 | D:2      | Reached skill level 1 in Conjurations
  1208 | D:2      | Reached skill level 1 in Hexes
  1208 | D:2      | Reached skill level 1 in Charms
  1208 | D:2      | Reached skill level 1 in Summonings
  1208 | D:2      | Reached skill level 1 in Necromancy
  1208 | D:2      | Reached skill level 1 in Translocations
  1208 | D:2      | Reached skill level 1 in Transmutations
  1208 | D:2      | Reached skill level 1 in Fire Magic
  1208 | D:2      | Reached skill level 1 in Ice Magic
  1208 | D:2      | Reached skill level 1 in Air Magic
  1208 | D:2      | Reached skill level 1 in Earth Magic
  1208 | D:2      | Reached skill level 1 in Poison Magic
  1209 | D:2      | Reached XP level 5. HP: 38/54 MP: 6/6
  1327 | D:2      | Noticed Jessica
  1341 | D:2      | Killed Jessica
  1480 | D:2      | Noticed Natasha
  1492 | D:2      | Killed Natasha
  2108 | D:3      | Reached XP level 6. HP: 52/61 MP: 8/8
  2155 | D:3      | Found a runed translucent door.
  2155 | D:3      | Noticed Peloso's ghost (amateur DsFi)
  2214 | D:3      | Found a shadowy altar of Dithmenos.
  2216 | D:3      | Found a hazy altar of Hepliaklqana.
  2216 | D:3      | Found a stormy altar of Qazlal.
  2334 | D:3      | Found a blossoming altar of Fedhas.
  2394 | D:3      | Found a white marble altar of Elyvilon.
  2785 | D:4      | Got a faintly humming ring mail
  2800 | D:4      | Found a snail-covered altar of Cheibriados.
  2989 | D:4      | Reached XP level 7. HP: 16/67 MP: 10/10
  3012 | D:4      | Found a sand-covered staircase.
  3232 | Ossuary  | Entered an ossuary
  3282 | Ossuary  | Identified the +4 ring mail of Defence {+Blink rF+ rN++
                  | Str-4} (You found it on level 4 of the Dungeon)
  3727 | D:4      | Reached skill level 5 in Stealth
  4241 | D:5      | Entered Level 5 of the Dungeon
  4246 | D:5      | Reached XP level 8. HP: 60/74 MP: 12/12
  4293 | D:5      | Found a runed translucent door.
  4293 | D:5      | Noticed NeAGen181's ghost (novice TeSu)
  4310 | D:5      | Killed NeAGen181's ghost
  4735 | D:5      | Noticed Prince Ribbit
  4743 | D:5      | Killed Prince Ribbit
  4947 | D:5      | Reached XP level 9. HP: 69/79 MP: 14/14
  5068 | D:5      | Reached skill level 11 in Fighting
  5363 | D:6      | Noticed Eustachio
  5428 | D:6      | Killed Eustachio
  5482 | D:6      | Found a staircase to the Ecumenical Temple.
  5931 | D:6      | Reached skill level 5 in Throwing
  5931 | D:6      | Reached skill level 5 in Dodging
  5931 | D:6      | Reached skill level 5 in Shields
  6100 | Temple   | Entered the Ecumenical Temple
  6288 | Temple   | Became a worshipper of Warmaster Okawaru
  6411 | D:7      | Found a hide-covered altar of Uskayaw.
  6719 | D:7      | Found Fasar's Antique Weapon Shoppe.
  6889 | D:7      | Reached * piety under Okawaru
  7155 | D:8      | Found a staircase to the Lair.
  7253 | D:7      | Reached skill level 5 in Invocations
  7534 | D:7      | Reached XP level 10. HP: 50/88 MP: 15/17
  7741 | D:8      | Noticed Grum
  7749 | D:8      | Reached ** piety under Okawaru
  7774 | D:8      | Killed Grum
  7943 | D:8      | Found an ancient bone altar of Kikubaaqudgha.
  7989 | D:8      | Found a shattered altar of Ashenzari.
  8129 | D:8      | Reached skill level 5 in Short Blades
  8129 | D:8      | Reached skill level 5 in Long Blades
  8129 | D:8      | Reached skill level 5 in Axes
  8129 | D:8      | Reached skill level 5 in Maces & Flails
  8129 | D:8      | Reached skill level 5 in Polearms
  8129 | D:8      | Reached skill level 5 in Staves
  8129 | D:8      | Reached skill level 5 in Slings
  8129 | D:8      | Reached skill level 5 in Bows
  8129 | D:8      | Reached skill level 5 in Crossbows
  8129 | D:8      | Reached skill level 5 in Armour
  8129 | D:8      | Reached skill level 5 in Unarmed Combat
  8129 | D:8      | Reached skill level 5 in Spellcasting
  8129 | D:8      | Reached skill level 5 in Evocations
  8180 | D:8      | Reached *** piety under Okawaru
  8511 | D:8      | Found a radiant altar of Vehumet.
  9049 | D:9      | Found a shattered altar of Ashenzari.
  9083 | D:9      | Found Wivvo's Weapon Shoppe.
  9083 | D:9      | Found a staircase to the Orcish Mines.
  9365 | D:9      | Reached **** piety under Okawaru
  9690 | D:10     | Entered Level 10 of the Dungeon
  9783 | D:10     | Reached XP level 11. HP: 69/95 MP: 19/19
 10522 | D:10     | Noticed Psyche
 10542 | D:10     | Killed Psyche
 10953 | D:3      | Killed Peloso's ghost
 11561 | D:11     | Noticed a catoblepas
 12007 | D:10     | Killed a catoblepas
 12007 | D:10     | Reached skill level 5 in Conjurations
 12007 | D:10     | Reached skill level 5 in Hexes
 12007 | D:10     | Reached skill level 5 in Charms
 12007 | D:10     | Reached skill level 5 in Summonings
 12007 | D:10     | Reached skill level 5 in Necromancy
 12007 | D:10     | Reached skill level 5 in Translocations
 12007 | D:10     | Reached skill level 5 in Transmutations
 12007 | D:10     | Reached skill level 5 in Fire Magic
 12007 | D:10     | Reached skill level 5 in Ice Magic
 12007 | D:10     | Reached skill level 5 in Air Magic
 12007 | D:10     | Reached skill level 5 in Earth Magic
 12007 | D:10     | Reached skill level 5 in Poison Magic
 12100 | D:11     | Received a gift from Okawaru
 12139 | D:11     | Reached ***** piety under Okawaru
 12788 | D:11     | Noticed a salamander
 12791 | D:11     | Noticed a moth of wrath
 12791 | D:11     | a salamander changed into a moth of wrath
 12792 | D:11     | Noticed a cyclops
 12797 | D:11     | Noticed a wizard
 12824 | D:10     | Killed a cyclops
 13066 | D:11     | Killed a moth of wrath
 13070 | D:11     | Killed a wizard
 13072 | D:11     | Noticed a cyclops
 13195 | D:10     | Killed a cyclops
 13216 | D:11     | Reached skill level 12 in Fighting
 13403 | D:11     | Found the cursed necklace of Bloodlust {*Rage +Rage MR++
                  | Int-3 Slay+6 *Curse}
 13709 | D:12     | Received a gift from Okawaru
 13851 | D:12     | Noticed Sonja
 13876 | D:12     | Noticed Sonja
 13876 | D:12     | Sonja changed into Sonja the spriggan
 13877 | D:12     | Noticed Sonja
 13877 | D:12     | Sonja the spriggan changed into Sonja the troll
 13889 | D:12     | Killed Sonja the troll
 14546 | Lair:1   | Entered Level 1 of the Lair of Beasts
 14684 | Lair:1   | Reached XP level 12. HP: 102/102 MP: 22/22
 14996 | Lair:1   | Noticed Harold
 15015 | Lair:1   | Killed Harold
 15497 | Lair:2   | Noticed Fannar
 15694 | Lair:2   | Killed Fannar
 16403 | Lair:2   | Reached ****** piety under Okawaru
 16600 | Lair:2   | Received a gift from Okawaru
 16785 | Lair:2   | Found a hole to the Spider Nest.
 17268 | Lair:3   | Reached XP level 13. HP: 109/109 MP: 24/24
 18763 | Lair:4   | Received a gift from Okawaru
 19257 | Lair:4   | Noticed Nergalle
 19274 | Lair:4   | Killed Nergalle
 20433 | Lair:4   | Reached skill level 13 in Fighting
 20532 | Lair:4   | Found a staircase to the Swamp.
 20769 | Lair:4   | Received a gift from Okawaru
 20810 | Lair:5   | Reached XP level 14. HP: 116/118 MP: 26/26
 20952 | Lair:5   | Found a staircase to the Slime Pits.
 21010 | Lair:5   | Received a gift from Okawaru
 21013 | Lair:5   | Got a smoking plate armour {god gift}
 21038 | Lair:5   | Identified the +5 plate armour of the Shoals {SInv}
                  | (Okawaru gifted it to you on level 5 of the Lair of Beasts)
 21675 | Lair:6   | Entered Level 6 of the Lair of Beasts
 22340 | Lair:6   | Reached skill level 10 in Stealth
 22681 | Lair:6   | Received a gift from Okawaru
 22684 | Lair:6   | Got a pair of slimy gloves {god gift}
 22696 | Lair:6   | Identified the -4 pair of gloves "Apearro" {rC+} (Okawaru
                  | gifted it to you on level 6 of the Lair of Beasts)
 22816 | Lair:6   | Reached skill level 10 in Invocations
 24763 | D:13     | Received a gift from Okawaru
 24771 | D:13     | Got a crystal lajatang {god gift}
 24772 | D:13     | Identified the +3 lajatang "Myic" {holy, rElec Str-4 Dex+4}
                  | (Okawaru gifted it to you on level 13 of the Dungeon)
 24901 | D:13     | Reached XP level 15. HP: 122/124 MP: 28/28
 25029 | D:13     | Reached skill level 10 in Throwing
 25029 | D:13     | Reached skill level 10 in Dodging
 25029 | D:13     | Reached skill level 10 in Shields
 25202 | D:13     | Found a gate to the Vaults.
 25210 | D:13     | Received a gift from Okawaru
 25528 | D:14     | Received a gift from Okawaru
 28255 | D:14     | Reached skill level 10 in Short Blades
 28255 | D:14     | Reached skill level 10 in Long Blades
 28255 | D:14     | Reached skill level 10 in Axes
 28255 | D:14     | Reached skill level 10 in Maces & Flails
 28255 | D:14     | Reached skill level 10 in Polearms
 28255 | D:14     | Reached skill level 10 in Staves
 28255 | D:14     | Reached skill level 10 in Slings
 28255 | D:14     | Reached skill level 10 in Bows
 28255 | D:14     | Reached skill level 10 in Crossbows
 28255 | D:14     | Reached skill level 10 in Armour
 28255 | D:14     | Reached skill level 10 in Unarmed Combat
 28255 | D:14     | Reached skill level 10 in Spellcasting
 28255 | D:14     | Reached skill level 10 in Evocations
 28426 | D:14     | You fall into a shaft and drop 1 floor!
 28426 | D:15     | Entered Level 15 of the Dungeon
 28733 | D:15     | Received a gift from Okawaru
 29043 | D:15     | Identified the amulet of Kuykk {+Rage rPois}
 29894 | D:15     | Received a gift from Okawaru
 29909 | D:15     | Got a pitted scale mail {god gift}
 29913 | D:15     | Found a staircase to the Depths.
 29935 | D:15     | Identified the +0 scale mail of Honesty {+Blink +Fly Str+5
                  | Slay-6} (Okawaru gifted it to you on level 15 of the
                  | Dungeon)
 30098 | Orc:1    | Entered Level 1 of the Orcish Mines
 30098 | Orc:1    | Noticed Jorgrun
 30117 | D:9      | HP: 6/123 [Jorgrun/+0 quarterstaff of crushing (11)]
 30600 | D:9      | Found a shattered altar of Ashenzari.
 30604 | D:9      | Found a staircase to the Orcish Mines.
 30604 | D:9      | Found Wivvo's Weapon Shoppe.
 30893 | D:9      | Killed Jorgrun
 30893 | D:9      | Reached skill level 14 in Fighting
 31100 | Orc:1    | Found Udurio's Food Emporium.
 31194 | Orc:2    | Entered Level 2 of the Orcish Mines
 31196 | Orc:2    | Noticed Maurice
 31208 | Orc:2    | Killed Maurice
 31208 | Orc:2    | Reached XP level 16. HP: 84/131 MP: 27/30
 31298 | Orc:2    | Noticed Saint Roka
 31702 | Orc:2    | Killed Saint Roka
 31719 | Orc:2    | Found a roughly hewn altar of Beogh.
 31933 | Orc:2    | Found Laysiwn's Distillery.
 32440 | Orc:2    | Found Hequju's Assorted Antiques.
 33251 | Orc:2    | Noticed Rupert
 33268 | Orc:2    | Slain by Rupert

Levels and vault maps discovered:
D:1:      mrwooster_arrival_statue, layout_rooms, minivault_25,
          due_unseen_surprise
D:2:      layout_basic, lemuel_round_altar, hangedman_feature_mirror,
          uniq_jessica, uniq_natasha
D:3:      layout_basic, elyvilon_altar_3, fedhas_altar_3,
          grunt_temple_overflow_open, hellmonk_ghost_happy_afterlife,
          first_ration
D:4:      layout_gridville, cheibriados_altar_1, serial_glass, glass_columns_a,
          glass_columns_b, glass_columns_b, glass_columns_c,
          due_unseen_surprise, enter_ossuary_1, minmay_bent
D:5:      layout_gridville, gammafunk_ghost_grave,
          minmay_a_box_with_orc_wizards_in_it, uniq_prince_ribbit1
D:6:      layout_basic, minmay_temple_entry_enclosed_plants, minivault_25,
          uniq_eustachio
D:7:      black_bear_nest_2, layout_basic, basic_altar, serial_shops, shop
D:8:      layout_loops_cross, overflow_temple_1_default, kennysheep_little_box,
          nicolae_overflow_hidden_temple, minmay_lair_entry_grove, uniq_grum
D:9:      layout_basic, orc_david_3, basic_altar, nicolae_underground_beach
D:10:     layout_basic, uniq_psyche
D:11:     minmay_blocky_corners, layout_layer_cave
D:12:     layout_loops_ring, uniq_sonja
D:13:     layout_roguey, grunt_vaults_entry_tiered
D:14:     minmay_glassy_protrusions, layout_cave_pools
D:15:     grunt_enter_depths_magical_seal, layout_rooms,
          hangedman_decor_riveting, chequers_serial_rivers_large_b,
          grunt_tough_drop
Temple:   minmay_temple_bridge_abc
Lair:1:   layout_gridlike, grunt_megastairs_4, uniq_harold
Lair:2:   layout_long_grid, spider_nest_entry_funnel_web, st_stairs_7,
          uniq_fannar
Lair:3:   layout_cave_pods, minmay_another_anthill, grunt_megastairs_1
Lair:4:   layout_gridlike, palyth_hydra_swamp_entry, st_stairs_8, uniq_nergalle
Lair:5:   layout_gridlike, minmay_slime_entry_pillars, worms_lemuel,
          lemuel_fruit_tree
Lair:6:   minmay_lair_end_frog_pond, layout_regular_city, lemuel_old_faithful
Orc:1:    layout_caves, serial_shops, shop, uniq_jorgrun
Orc:2:    st_orc_elflike, layout_diamond_mine, serial_shops, shop,
          gammafunk_ghost_fury_of_okawaru, basic_altar, uniq_saint_roka,
          uniq_maurice, uniq_rupert

Skill      XL: |  1  2  3  4  5  6  7  8  9 10 11 12 13 14 15 16 |
---------------+-------------------------------------------------+-----
Fighting       | 11 12 13 14 | 14.1
Invocations    | 1 2 3 4 5 6 7 8 9 10 11 | 11.4
Short Blades   | 1 2 3 4 5 6 7 8 9 10 | 10.6
Long Blades    | 1 2 3 4 5 6 7 8 9 10 | 10.6
Axes           | 1 2 3 4 5 6 7 8 9 10 | 10.6
Maces & Flails | 1 2 3 4 5 6 7 8 9 10 | 10.6
Polearms       | 1 2 3 4 5 6 7 8 9 10 | 10.6
Staves         | 1 2 3 4 5 6 7 8 9 10 | 10.6
Slings         | 1 2 3 4 5 6 7 8 9 10 | 10.6
Bows           | 1 2 3 4 5 6 7 8 9 10 | 10.6
Crossbows      | 1 2 3 4 5 6 7 8 9 10 | 10.6
Armour         | 1 2 3 4 5 6 7 8 9 10 | 10.6
Unarmed Combat | 1 2 3 4 5 6 7 8 9 10 | 10.6
Spellcasting   | 1 2 3 4 5 6 7 8 9 10 | 10.6
Evocations     | 1 2 3 4 5 6 7 8 9 10 | 10.6
Conjurations   | 1 2 3 4 5 6 7 8 9 |  9.0
Hexes          | 1 2 3 4 5 6 7 8 9 |  9.0
Charms         | 1 2 3 4 5 6 7 8 9 |  9.0
Summonings     | 1 2 3 4 5 6 7 8 9 |  9.0
Necromancy     | 1 2 3 4 5 6 7 8 9 |  9.0
Translocations | 1 2 3 4 5 6 7 8 9 |  9.0
Transmutations | 1 2 3 4 5 6 7 8 9 |  9.0
Fire Magic     | 1 2 3 4 5 6 7 8 9 |  9.0
Ice Magic      | 1 2 3 4 5 6 7 8 9 |  9.0
Air Magic      | 1 2 3 4 5 6 7 8 9 |  9.0
Earth Magic    | 1 2 3 4 5 6 7 8 9 |  9.0
Poison Magic   | 1 2 3 4 5 6 7 8 9 |  9.0
Throwing       | 3 4 5 6 7 8 9 10 | 10.9
Dodging        | 3 4 5 6 7 8 9 10 | 10.9
Shields        | 3 4 5 6 7 8 9 10 | 10.9
Stealth        | 5 6 7 8 9 10 11 | 11.3

Action                   |  1- 3 |  4- 6 |  7- 9 | 10-12 | 13-15 | 16-18 || total
-------------------------+-------+-------+-------+-------+-------+-------++-------
Melee: Spear             |   126 |   179 |       |       |       |       ||   305
       Bite              |    18 |    37 |    36 |   123 |   363 |    43 ||   620
       Dagger            |     1 |   195 |    24 |       |       |       ||   220
       Unarmed           |       |     8 |       |       |       |       ||     8
       Short sword       |       |       |   389 |   955 |  2119 |       ||  3463
       Broad axe         |       |       |       |       |   196 |   269 ||   465
Invok: Heroism           |       |       |       |    10 |    23 |     5 ||    38
       Finesse           |       |       |       |       |     1 |     1 ||     2
Evoke: Wand              |       |       |       |     4 |     1 |     1 ||     6
  Use: Potion            |       |     1 |       |       |       |     1 ||     2
       Scroll            |       |       |    16 |    10 |    11 |     1 ||    38
 Stab: Sleeping          |     3 |       |    14 |    27 |     4 |       ||    48
       Distracted        |       |       |       |     2 |       |       ||     2
  Eat: Chunk             |     1 |     3 |     7 |    17 |    22 |       ||    50
       Ration            |       |     1 |     2 |     5 |     7 |     3 ||    18
Armor: Robe              |     4 |       |       |       |       |       ||     4
       Chain mail        |    32 |   204 |    16 |       |       |       ||   252
       Skin              |       |    14 |       |       |       |       ||    14
       Ring mail         |       |       |   120 |   264 |    65 |       ||   449
       Plate armour      |       |       |       |       |   720 |    77 ||   797
Dodge: Dodged            |    19 |    78 |   175 |   297 |   482 |    68 ||  1119
Block: Shield            |    59 |   132 |   152 |   413 |       |       ||   756
       Large shield      |       |       |       |    55 |  2071 |   256 ||  2382
